 Dungeon Crawl Stone Soup version 0.31.0-11-ge490571c62 (webtiles) character file.

Game seed: 9652360245758538601

37 qw the Shooter (level 3, 0/18 HPs)
             Began as a Spriggan Hunter on Feb 4, 2024.
             Succumbed to an adder's poison
             ... on level 2 of the Dungeon.
             The game lasted 00:00:02 (864 turns).

qw the Shooter (Spriggan Hunter)                     Turns: 864, Time: 00:00:03

Health: 0/18       AC:  2    Str:  7    XL:     3   Next: 23%
Magic:  4/4        EV: 19    Int: 10    God:
Gold:   36         SH:  0    Dex: 20    Spells: 2/2 levels left

rFire   . . .        a - +1 shortbow
rCold   . . .        (shield currently unavailable)
rNeg    . . .        c - +0 robe
rPois   .            (helmet restricted)
rElec   .            (no cloak)
rCorr   .            (gloves unavailable)
SInv    +            (boots unavailable)
Will    .....        (no amulet)
Stlth   ++           (no ring)
HPRegen 0.23/turn    (no ring)
MPRegen 0.09/turn

%: no passive effects
@: lethally poisoned (0 -> -7), very quick
A: very small, no large weapons, unfitting armour, see invisible, speed 3
a: no special abilities


You were on level 2 of the Dungeon.
You visited 1 branch of the dungeon, and saw 2 of its levels.

You collected 36 gold pieces.


Innate Abilities, Weirdness & Mutations

You are very small and have problems with some larger weapons.
You are too small for most types of armour.
You have supernaturally acute eyesight. (SInv)
You cover ground extremely quickly. (Speed+++)


   Skills:
 - Level 1.5 Fighting
 + Level 4.6 Ranged Weapons
 - Level 4.0 Dodging
 - Level 1.5 Stealth


You had 2 spell levels left.
You didn't know any spells.
Your spell library was empty.

Inventory:

Hand Weapons
 a - a +1 shortbow (weapon)
Armour
 c - a +0 robe (worn)
Jewellery
 f - a ring of fire
Potions
 b - a potion of berserk rage {unknown}

Dungeon Overview and Level Annotations

Branches:
Dungeon (2/15)

Altars:

Shops:
D:1 [


Message History

You drop 2 potions of lignification.
Done exploring.
833 ||| DROPPING potion of attraction.
You drop a potion of attraction.
Done exploring.
834 ||| DROPPING potion of degeneration.
You drop a potion of degeneration.
Done exploring.
What level of the Dungeon? (default 1, ? - help)
You see here a +0 dagger.
There is a stone staircase leading down here.
You climb downwards.
Found a fuming black potion.
There is a stone staircase leading up here.
A bat is nearby!
Waypoint 1 assigned to D:2.
You shoot an arrow. The arrow hits the bat.
You kill the bat!
b - a fuming black potion
Found a stone staircase leading down.
A ribbon worm and an adder come into view.
You shoot an arrow.
The arrow hits the adder but does no damage.
The adder hisses angrily.
You shoot an arrow. The arrow barely misses the adder.
You shoot an arrow. The arrow closely misses the adder.
You shoot an arrow. The arrow misses the adder.
You shoot an arrow. The arrow barely misses the adder.
The adder closely misses you. The adder bites you.
You are poisoned.
The adder poisons you!
You shoot an arrow. The arrow hits the adder.
The adder is heavily wounded.
You feel sick. The adder bites you.
You are more poisoned.
The adder poisons you!
You shoot an arrow. The arrow closely misses the adder.
You feel very sick. The adder bites you. x2
You shoot an arrow. The arrow hits the adder!
You kill the adder!
You die...

. ...###########
.....^.#....<##
.......@......##
w..............#
...............#
...............#
...............#
...............#
...........%...#
....>.........##
....#.....##


You could see a ribbon worm (asleep).

Vanquished Creatures
  An adder (D:2)
  2 dart slugs (D:1)
  2 ball pythons (D:1)
  An endoplasm (D:1)
  2 giant cockroaches (D:1)
  3 goblins (D:1)
  9 jackals (D:1)
  6 bats
  3 frilled lizards (D:1)
  A kobold (D:1)
  3 rats (D:1)
33 creatures vanquished.

Notes
Turn   | Place    | Note
-------+----------+-------------------------------------------
     0 | D:1      | qw the Spriggan Hunter began the quest for the Orb.
     0 | D:1      | Reached XP level 1. HP: 10/10 MP: 2/2
     0 | D:1      | 0 ||| qw: Version: 0.3-a-160-g6735b56
     0 | D:1      | 0 ||| qw: Game counter: 4554
     0 | D:1      | 0 ||| qw: Melee chars always use a shield: true
     0 | D:1      | 0 ||| qw: God list: Okawaru
     0 | D:1      | 0 ||| qw: Allow faded altars: false
     0 | D:1      | 0 ||| qw: Do Orc after clearing Dungeon:15 true
     0 | D:1      | 0 ||| qw: Do second Lair branch before Depths: true
     0 | D:1      | 0 ||| qw: Lair rune preference: random
     0 | D:1      | 0 ||| qw: Goals: Normal
     0 | D:1      | 0 ||| PLANNING D:1-11
     3 | D:1      | Noticed an electric eel
    18 | D:1      | Reached skill level 3 in Dodging
    32 | D:1      | Noticed an electric eel
    35 | D:1      | 35 ||| READING scroll labelled NUWAZOEVYA.
    35 | D:1      | 35 ||| ENCHANTING +0 shortbow.
   105 | D:1      | Reached XP level 2. HP: 14/14 MP: 3/3
   226 | D:1      | Found Geizaaho's Armour Emporium.
   231 | D:1      | 231 ||| SHOPLISTING +2 robe of fire resistance (194 gold,
                  | have 21).
   399 | D:1      | Reached XP level 3. HP: 18/18 MP: 4/4
   624 | D:1      | 624 ||| READING scroll labelled XUISKUEPSI.
   625 | D:1      | 625 ||| READING scroll labelled OTODIETODEA.
   726 | D:1      | 726 ||| READING 3 scrolls labelled AFASIO XIPISOCW.
   726 | D:1      | 726 ||| IDENTIFYING fuming coppery potion
   727 | D:1      | 727 ||| READING 2 scrolls of identify.
   727 | D:1      | 727 ||| IDENTIFYING golden potion
   728 | D:1      | 728 ||| READING scroll of identify.
   728 | D:1      | 728 ||| IDENTIFYING 2 sedimented golden potions
   729 | D:1      | 729 ||| READING scroll labelled HUX XOLAINED.
   830 | D:1      | 830 ||| READING scroll labelled EPRON ZOCYMPOO.
   831 | D:1      | 831 ||| DROPPING scroll of butterflies.
   832 | D:1      | 832 ||| DROPPING 2 potions of lignification.
   833 | D:1      | 833 ||| DROPPING potion of attraction.
   834 | D:1      | 834 ||| DROPPING potion of degeneration.
   863 | D:2      | HP: 2/18 [adder (4)]
   864 | D:2      | Succumbed to an adder's poison

Levels and vault maps discovered:
D:1:      arrival_aquarium_b, layout_loops_ring, serial_shops, shop
D:2:      layout_rooms, minmay_hedge_maze, uniq_robin

Skill      XL: |  1  2 |
---------------+-------+-----
Dodging        | 3 4 |  4.0
Fighting       | |  1.5
Ranged Weapons | |  4.6
Stealth        | |  1.5

Action                     || total
---------------------------++-------
   Fire: Shortbow          ||    76
    Use: Scroll            ||     8
 Armour: Robe              ||     7
  Dodge: Dodged            ||     6

Table legend:
 A = Non-vault XP
 B = Vault XP
 C = Vault XP percentage of total XP
 D = Non-vault monster count
 E = Vault monster count
 F = Vault count percentage of total count
                 A         B        C        D         E       F
            +---------+---------+-------+---------+---------+-------
      Total |      67 |       0 |   0.0 |      33 |       0 |   0.0
            +---------+---------+-------+---------+---------+-------
        D:1 |      53 |       0 |   0.0 |      31 |       0 |   0.0
        D:2 |      14 |       0 |   0.0 |       2 |       0 |   0.0
            +---------+---------+-------+---------+---------+-------
